 Dungeon Crawl Stone Soup version 0.32-a0-779-g362cfcae2a (webtiles) character file.

Game seed: 361250088701895995

46 cforsyth the Chopper (level 3, -1/33 HPs)
             Began as a Mountain Dwarf Cinder Acolyte on Mar 19, 2024.
             Was a High Priest of Ignis.
             Constricted to death by a ball python (2 damage)
             ... on level 2 of the Dungeon.
             The game lasted 00:01:24 (1330 turns).

cforsyth the Chopper (MDCA)                         Turns: 1330, Time: 00:01:26

Health: -1/33      AC:  2    Str: 18    XL:     3   Next: 44%
Magic:  5/5        EV:  0    Int: 14    God:    Ignis [*****.]
Gold:   87         SH:  0    Dex:  5    Spells: 2/4 levels left

rFire   + + .        a - -1 hand axe (flame)
rCold   + . .        (no shield)
rNeg    . . .        b - +0 robe
rPois   +            (no helmet)
rElec   +            (no cloak)
rCorr   +            (no gloves)
SInv    .            (no boots)
Will    .....        (no amulet)
Stlth   +            (no ring)
HPRegen 0.25/turn    (no ring)
MPRegen 0.09/turn

%: no passive effects
@: resistant, attractive, constricted
A: runic magic, artefact enchanting
a: Renounce Religion, Fiery Armour, Foxfire Swarm, Rising Flame


You were on level 2 of the Dungeon.
You worshipped Ignis.
Ignis was extremely pleased with you.
You visited 1 branch of the dungeon, and saw 2 of its levels.

You collected 87 gold pieces.


Innate Abilities, Weirdness & Mutations

Your spellcasting is much less encumbered by armour.
You can use scrolls of enchantment on lesser artefacts.


   Skills:
 + Level 3.7 Fighting
 + Level 4.0 Axes
 + Level 1.3 Armour
 + Level 1.4 Spellcasting
 + Level 4.0 Fire Magic


You had 2 spell levels left.
You knew the following spells:

 Your Spells              Type           Power      Damage    Failure   Level
X - Scorch                Fire           24%        2d6       7%          2

Your spell library contained the following spells:

 Spells                   Type           Power      Damage    Failure   Level
 Magic Dart               Conj           0%         1d3       26%         1
 Blink                    Tloc           0%         N/A       36%         2
 Call Imp                 Summ           0%         N/A       36%         2
 Ensorcelled Hibernation  Hex/Ice        0%         N/A       36%         2
 Passwall                 Erth           0%         N/A       58%         3
 Swiftness                Air            0%         N/A       58%         3

Inventory:

Hand Weapons
 a - a -1 hand axe of flaming (weapon)
Armour
 b - a +0 robe (worn)
Scrolls
 c - a scroll of fear {unknown}
 f - 2 scrolls of revelation {unknown}
 g - a scroll of identify {unknown}
 i - a scroll of poison {unknown}

Dungeon Overview and Level Annotations

Branches:
Dungeon (2/15)

Altars:

## .....# #. .....#
...# # #.
#....####...### #. #.
##......##....P# ##.##.
#..~~~.[##...P.#
......##...~~~....P....
#......~~~≈....PPP..
#.g.##.~~≈~.....# #
#..@##.P~.......# #
#.gS##.....#....####
#<..................
#<..##.....#...###.#
.>#.##.....##### #.#
...#.##.....# #.#
..#...######## #.#
#..#.### ##########.#
.........#..


You could see 2 goblins and a ball python.


Message History

The goblin hits you with a +0 club.
* * * LOW HITPOINT WARNING * * *
The goblin hits you but does no damage.
It was a potion of resistance.
You feel protected.
The ball python bites you but does no damage.
The ball python constricts you. The goblin hits you but does no damage.
The goblin hits you with a +0 dagger.
* * * LOW HITPOINT WARNING * * *
Unknown command.
It was a potion of curing.
You feel better. The ball python bites you.
* * * LOW HITPOINT WARNING * * *
The ball python constricts you.
* * * LOW HITPOINT WARNING * * *
The goblin hits you with a +0 club.
* * * LOW HITPOINT WARNING * * *
The goblin hits you with a +0 dagger.
* * * LOW HITPOINT WARNING * * *
The ball python bites you but does no damage.
The ball python constricts you.
* * * LOW HITPOINT WARNING * * *
Unknown command.
It was a potion of attraction.
You feel attractive to monsters. The goblin hits you with a +0 club.
* * * LOW HITPOINT WARNING * * *
The ball python bites you but does no damage.
The ball python constricts you.
You die...
Ignis goes out, and joins you in death.

Skill      XL: |  1  2 |
---------------+-------+-----
Axes           | 4 |  4.0
Armour         | 1 |  1.3
Fire Magic     | 4 |  4.0
Fighting       | |  3.7
Spellcasting   | |  1.4

Action                     || total
---------------------------++-------
  Melee: Hand axe          ||    62
   Cast: Scorch            ||    11
    Use: Potion            ||     3
 Armour: Robe              ||    73
  Dodge: Dodged            ||    28

Levels and vault maps discovered:
D:1:      matt_arrival_diagonals, layout_basic,
          amcnicky_mini_rare_corridor_liquid
D:2:      layout_basic, serial_undead, serial_undead_d, serial_undead_f,
          serial_undead_f, serial_undead_b,
          hellmonk_ecumenical_altar_inner_sanctum, amethyst_killhole,
          minmay_snake_closets

Notes
Turn   | Place    | Note
-------+----------+-------------------------------------------
     0 | D:1      | cforsyth the Mountain Dwarf Cinder Acolyte began the quest
                  | for the Orb.
     0 | D:1      | Reached XP level 1. HP: 19/19 MP: 2/2
   137 | D:1      | Reached XP level 2. HP: 25/26 MP: 3/3
   211 | D:1      | Learned a level 2 spell: Scorch
   711 | D:1      | Reached skill level 4 in Axes
   711 | D:1      | Reached skill level 1 in Armour
   711 | D:1      | Reached skill level 4 in Fire Magic
   711 | D:1      | Reached XP level 3. HP: 31/31 MP: 1/5
  1328 | D:2      | Identified a potion of resistance
  1328 | D:2      | HP: 2/33 [goblin/+0 dagger (2)]
  1330 | D:2      | Constricted to death by a ball python

Vanquished Creatures
  A gnoll (D:1)
  2 adder skeletons (D:2)
  5 endoplasms (D:1)
  A giant cockroach (D:1)
  5 goblins
  A hobgoblin (D:1)
  A ball python (D:1)
  A ball python skeleton (D:2)
  2 bats (D:1)
  A frilled lizard (D:1)
  5 kobolds (D:1)
  A quokka skeleton (D:2)
  5 rats (D:1)
31 creatures vanquished.

Table legend: (Time is in decaauts)
 A = Elapsed time spent in this place.
 B = Non-inter-level travel time spent in this place.
 C = Inter-level travel time spent in this place.
 D = Time resting spent in this place.
 E = Time spent auto-exploring this place.
 F = Levels seen in this place.
 G = Mean time per level.
                   A        B        C        D        E       F      G
               +--------+--------+--------+--------+--------+-----+--------+
         Total |   1337 |   1316 |     21 |     38 |   1079 |   2 |  668.5 |
       Dungeon |   1337 |   1316 |     21 |     38 |   1079 |   2 |  668.5 |
               +--------+--------+--------+--------+--------+-----+--------+

Top non-repeatable levels by time:
     D:1: 1177 daAuts
     D:2: 160 daAuts

Table legend:
 A = Non-vault XP
 B = Vault XP
 C = Vault XP percentage of total XP
 D = Non-vault monster count
 E = Vault monster count
 F = Vault count percentage of total count
                 A         B        C        D         E       F
            +---------+---------+-------+---------+---------+-------
      Total |      54 |      12 |  18.2 |      27 |       4 |  12.9
            +---------+---------+-------+---------+---------+-------
        D:1 |      52 |       0 |   0.0 |      26 |       0 |   0.0
        D:2 |       2 |      12 |  85.7 |       1 |       4 |  80.0
            +---------+---------+-------+---------+---------+-------
